 Dungeon Crawl Stone Soup version 0.23-a0-269-g65e0026 (webtiles) character file.

6087 Amnesiac the Earth Mage (level 10, -3/69 HPs)
             Began as a Ghoul Earth Elementalist on Sept 30, 2018.
             Was an Elder of Vehumet.
             Shot with an arrow by a centaur warrior (4 damage)
             ... on level 9 of the Dungeon.
             The game lasted 00:21:49 (8151 turns).

Amnesiac the Earth Mage (Ghoul Earth Elementalist)  Turns: 8151, Time: 00:21:50

Health: -3/69      AC:  7    Str: 13    XL:     10   Next: 88%
Magic:  15/51      EV: 12    Int: 13    God:    Vehumet [****..]
Gold:   643        SH:  0    Dex:  9    Spells: 6/21 levels left

rFire    + . .     SeeInvis .   a - staff of power
rCold    + + .     Gourm    .   (no shield)
rNeg     + + +     Faith    .   p - +0 robe {Archmagi}
rPois    ∞         Spirit   .   m - +2 helmet
rElec    .         Reflect  .   G - scarf {rC+ rF+}
rCorr    .         Harm     +   t - +0 pair of gloves
MR       .....                  n - +0 pair of boots
Stlth    ++........             C - amulet of harm
HPRegen  0.00/turn              E - ring of magical power
MPRegen  0.32/turn              q - ring of magical power

@: vulnerable, rotting
A: rotting body, claws 1, carnivore, cold resistance 1, negative energy
resistance 3, inhibited regeneration, torment resistance, unbreathing
a: Renounce Religion


You were on level 9 of the Dungeon.
You worshipped Vehumet.
Vehumet was greatly pleased with you.
You were not hungry.

You visited 2 branches of the dungeon, and saw 11 of its levels.
You also visited: Sewer.

You collected 643 gold pieces.

Inventory:

Hand Weapons
 b - a +3 dagger of venom
Missiles
 u - 164 stones (quivered)
Armour
 m - a +2 helmet (worn)
 n - a +0 pair of boots (worn)
 p - a +0 robe of the Archmagi (worn)
 s - a +0 cloak
 t - a +0 pair of gloves (worn)
 G - a scarf of resistance (worn)
 L - a +0 troll leather armour
Magical Staves
 a - an uncursed staff of power (weapon)
Jewellery
 f - an uncursed amulet of guardian spirit
 q - a ring of magical power (right hand)
 y - an uncursed amulet of the acrobat
 C - an amulet of harm (around neck)
 E - a ring of magical power (left hand)
Wands
 i - a wand of clouds (4)
 B - a wand of enslavement (13)
Scrolls
 k - 4 scrolls of teleportation {!r}
 l - a scroll of fog {!r}
 r - 3 scrolls of amnesia {!r}
 v - 5 scrolls of magic mapping {!r}
 x - a scroll of fear {!r}
 H - 3 scrolls of blinking {!r}
Potions
 c - 4 potions of degeneration {!q, unknown}
 e - 3 potions of invisibility {!q}
 g - 7 potions of curing {!q}
 h - 2 potions of mutation {!q, unknown}
 o - 5 potions of heal wounds {!q}
 w - 2 potions of haste {!q}
 z - a potion of berserk rage {!q, unknown}
 A - 2 potions of might {!q, unknown}
 F - a potion of ambrosia {!q, unknown}
 I - a potion of flight {!q}
 J - 2 potions of agility {!q}
 K - 2 potions of brilliance {!q}
 M - a potion of lignification {!q}
Comestibles
 d - 21 rations


   Skills:
 - Level 1.7 Dodging
 - Level 2.1 Stealth
 - Level 6.0 Spellcasting
 - Level 0.8 Transmutations
 + Level 15.2 Earth Magic


You had 6 spell levels left.
You knew the following spells:

 Your Spells              Type           Power        Failure   Level  Hunger
a - Stone Arrow           Conj/Erth      #####.       1%          3    ###....
b - Passwall              Tmut/Erth      #####...     1%          2    ##.....
c - Sandblast             Erth           ######       1%          1    None
d - Lee's Rapid Deconstr  Erth           ######....   1%          5    ######.
e - Petrify               Tmut/Erth      #####...     6%          4    ####...

Your spell library contained the following spells:

 Spells                   Type           Power        Failure   Level  Hunger
 Conjure Flame            Conj/Fire      #.......     13%         3    ###....
 Leda's Liquefaction      Hex/Erth       #####.....   8%          4    ####...
 Inner Flame              Hex/Fire       #.......     13%         3    ###....
 Corona                   Hex            #......      17%         1    None
 Slow                     Hex            #.......     26%         2    ##.....
 Portal Projectile        Hex/Tloc       #.....       45%         3    ###....
 Cause Fear               Hex            #.........   86%         4    ####...


Dungeon Overview and Level Annotations

Branches:
Dungeon (10/15)            Temple (1/1) D:4            Lair (0/6) D:9
    Orc (0/2) D:9

Altars:
Ashenzari
Cheibriados
Dithmenos
Elyvilon
Fedhas
Gozag
Hepliaklqana
Kikubaaqudgha
Makhleb
Nemelex Xobeh
Okawaru
Qazlal
Ru
Sif Muna
Trog
Uskayaw
Vehumet
Wu Jian
Xom
Yredelemnul
Zin
The Shining One

Shops:
D:8 }


Innate Abilities, Weirdness & Mutations

Your body is rotting away.
You thrive on raw meat.
You are immune to poison.
You have sharp fingernails.
You are carnivorous and can eat meat at any time.
Your flesh is cold resistant. (rC+)
You are immune to negative energy. (rN+++)
You do not regenerate when monsters are visible.
You are immune to unholy pain and torment.
You can survive without breathing.


Message History

Press: ? - help, Shift-Dir - straight line, f/p - centaur warrior
Aim: a centaur warrior, wielding a shortbow (chance to defeat MR: 48%)
You feel a surge of power!
The centaur warrior resists with some effort.
The centaur warrior shoots an arrow.
The arrow hits you.
Unknown command.
Casting: Petrify (safe; 6% risk of failure)
Confirm with . or Enter, or press ? or * to list all spells.
Aiming: Petrify (safe; 6% risk of failure)
Press: ? - help, Shift-Dir - straight line, f/p - centaur warrior
Aim: a centaur warrior, wielding a shortbow (chance to defeat MR: 48%)
You feel a surge of power!
The centaur warrior resists with some effort.
The centaur warrior shoots an arrow.
The arrow hits you!
* * * LOW HITPOINT WARNING * * *
The centaur warrior shoots an arrow.
The arrow barely misses you.
Unknown command.
There is an open door here.
You close the door.
Really read
j - a scroll labeled ECEIRE EKHLASO {!r}?
As you read the scroll labeled ECEIRE EKHLASO {!r}, it crumbles to dust.
Magic quickly surges around you.
It was a scroll of vulnerability {!r}.
A centaur warrior opens the door.
You close the door.
A centaur warrior opens the door.
Really read
x - 2 scrolls of fear {!r}?
As you read the scroll of fear {!r}, it crumbles to dust.
You assume a fearsome visage.
The centaur warrior looks frightened!
Okay, then.
A scorpion comes into view.
Okay, then.
There is a stone staircase leading down here.
You climb downwards. 3 gnolls and a gnoll sergeant come into view.
You found an alarm trap!
The gnoll shouts! x2; The gnoll sergeant shouts!
Found 13 gold pieces.
There is a stone staircase leading up here.
Casting: Petrify (safe; 6% risk of failure)
Confirm with . or Enter, or press ? or * to list all spells.
Aiming: Petrify (safe; 6% risk of failure)
Press: ? - help, Shift-Dir - straight line, f - gnoll
Aim: a gnoll, wielding a flail (chance to defeat MR: 73%)
Okay, then.
You climb upwards.
There is a stone staircase leading down here.
Casting: Petrify (safe; 6% risk of failure)
Confirm with . or Enter, or press ? or * to list all spells.
Aiming: Petrify (safe; 6% risk of failure)
Press: ? - help, Shift-Dir - straight line, f - centaur warrior
Aim: a centaur warrior, wielding a shortbow (chance to defeat MR: 48%)
You feel a surge of power!
The centaur warrior resists with some effort.
The centaur warrior shoots an arrow.
The arrow hits you!
* * * LOW HITPOINT WARNING * * *
Unknown command.
Casting: Petrify (safe; 6% risk of failure)
Confirm with . or Enter, or press ? or * to list all spells.
Aiming: Petrify (safe; 6% risk of failure)
Press: ? - help, Shift-Dir - straight line, f/p - centaur warrior
Aim: a centaur warrior, wielding a shortbow (chance to defeat MR: 48%)
You feel a surge of power!
The centaur warrior resists with some effort.
The centaur warrior shoots an arrow.
The arrow hits you.
You die...

..##..#).......###
..##..#..........#
..##......#......#....#
..##..#..###.....#....# ...#
..##.............#....##...#
..##......>......#.........#
######...........#....##...#
...##....##....+##....##...#
...#......#.....@.....##...#
.#.#........#.........##...#
.#.#...................c...#
...##.#........#########...# .
.......................'...# ..
............÷..).......#...# .##
.......................#...# ..c.
.......................###'#.....
..........................(s.....


You could see a centaur warrior.

Vanquished Creatures
  3 death yaks (D:9)
  A troll (D:9)
  A spriggan (D:7)
  Eustachio (D:5)
  Grum (D:8)
  A porcupine (D:9)
  A black bear (D:8)
  3 sky beasts
  2 ice beasts
  2 necrophages
  An ogre (D:5)
  4 wolves (D:8)
  A phantom (D:3)
  A crocodile (Sewer)
  The ghost of nht the Vandal, an amateur OpHu (D:3)
  2 bullfrogs (D:7)
  A gnoll sergeant (D:7)
  2 scorpions
  5 killer bees (D:8)
  11 crimson imps
  A centaur zombie (D:5)
  A quasit (D:9)
  2 bullfrog zombies (D:5)
  A jelly (D:6)
  A bullfrog skeleton (D:6)
  2 centaur skeletons
  5 orc priests
  4 hounds
  Crazy Yiuf (D:2)
  10 orc wizards
  A worker ant (D:5)
  A killer bee zombie (D:5)
  2 hound zombies (D:5)
  2 worker ant zombies (D:5)
  7 adders
  14 gnolls
  A river rat (D:9)
  3 shadow imps
  2 oozes
  An adder skeleton (D:3)
  An adder zombie (D:8)
  3 worms
  A dart slug (D:2)
  A leopard gecko (D:6)
  29 orcs
  2 ball pythons
  4 giant cockroaches
  3 goblins (D:2)
  8 hobgoblins
  18 jackals
  10 kobolds
  3 quokkas
  9 bats
  8 frilled lizards
  A jackal skeleton (D:3)
  2 leopard gecko zombies (D:5)
  3 quokka zombies (D:5)
  2 rats
215 creatures vanquished.

Notes
Turn   | Place    | Note
-------+----------+-------------------------------------------
     0 | D:1      | Amnesiac the Ghoul Earth Elementalist began the quest for
                  | the Orb.
     0 | D:1      | Reached XP level 1. HP: 14/14 MP: 2/2
   446 | D:2      | Reached XP level 2. HP: 20/20 MP: 4/4
   484 | D:2      | Reached skill level 4 in Earth Magic
   556 | D:3      | Found a transporter.
   556 | D:3      | Noticed nht's ghost (amateur OpHu)
   585 | D:3      | Reached XP level 3. HP: 26/26 MP: 2/5
   633 | D:3      | Reached skill level 5 in Earth Magic
   726 | D:3      | Found a transporter.
   726 | D:3      | Noticed a phantom
   825 | D:3      | Reached XP level 4. HP: 15/33 MP: 4/6
  1104 | D:4      | Found a staircase to the Ecumenical Temple.
  1113 | Temple   | Entered the Ecumenical Temple
  1153 | Temple   | Became a worshipper of Vehumet
  1555 | D:1      | Learned a level 2 spell: Passwall
  2275 | D:2      | Found a runed door.
  2279 | D:2      | Noticed Crazy Yiuf
  2284 | D:2      | Killed Crazy Yiuf
  2284 | D:2      | Reached skill level 6 in Earth Magic
  2284 | D:2      | Reached XP level 5. HP: 38/38 MP: 1/7
  2676 | D:3      | Killed nht's ghost
  2676 | D:3      | Reached skill level 7 in Earth Magic
  2676 | D:3      | Reached XP level 6. HP: 37/45 MP: 3/8
  2687 | D:3      | Killed a phantom
  2935 | D:4      | Reached * piety under Vehumet
  2935 | D:4      | Offered knowledge of Magic Dart by Vehumet.
  3022 | D:4      | Found a burning altar of Makhleb.
  3059 | D:4      | Reached skill level 8 in Earth Magic
  3063 | D:4      | Reached XP level 7. HP: 48/50 MP: 9/9
  3084 | D:4      | Learned a level 5 spell: Lee's Rapid Deconstruction
  3446 | D:5      | Entered Level 5 of the Dungeon
  3600 | D:5      | Reached skill level 9 in Earth Magic
  3798 | D:5      | Reached ** piety under Vehumet
  3798 | D:5      | Offered knowledge of Throw Flame by Vehumet.
  3821 | D:5      | Reached XP level 8. HP: 39/57 MP: 3/10
  3837 | D:5      | Reached skill level 10 in Earth Magic
  4069 | D:5      | Noticed Eustachio
  4076 | D:5      | Learned a level 4 spell: Petrify
  4086 | D:5      | Killed Eustachio
  4362 | D:6      | Found a glowing drain.
  4427 | Sewer    | Entered a sewer
  4598 | D:6      | Found a white marble altar of Elyvilon.
  4631 | D:6      | Offered knowledge of Dazzling Spray by Vehumet.
  4724 | D:6      | Reached skill level 11 in Earth Magic
  4860 | D:6      | Reached *** piety under Vehumet
  5120 | D:7      | Reached XP level 9. HP: 62/62 MP: 12/14
  5449 | D:7      | Found a radiant altar of Vehumet.
  5694 | D:7      | Reached skill level 12 in Earth Magic
  5700 | D:7      | Offered knowledge of Airstrike by Vehumet.
  6338 | D:8      | Reached skill level 5 in Spellcasting
  6338 | D:8      | Noticed Grum
  6339 | D:8      | Killed Grum
  6602 | D:8      | Reached skill level 13 in Earth Magic
  6602 | D:8      | Reached XP level 10. HP: 69/69 MP: 18/18
  6631 | D:8      | Found Natygema's Gadget Emporium.
  6643 | D:8      | Found a sacrificial altar of Ru.
  6667 | D:8      | Reached **** piety under Vehumet
  7090 | D:9      | Found a staircase to the Orcish Mines.
  7095 | D:9      | Offered knowledge of Conjure Flame by Vehumet.
  7281 | D:9      | Noticed a death yak
  7290 | D:9      | Noticed a death yak
  7290 | D:9      | Noticed a death yak
  7295 | D:9      | HP: 1/68 [death yak (20)]
  7309 | D:9      | Killed a death yak
  7309 | D:9      | Reached skill level 14 in Earth Magic
  7478 | D:9      | Found a staircase to the Lair.
  7495 | D:9      | Killed a death yak
  7648 | D:9      | Found an ancient bone altar of Kikubaaqudgha.
  7649 | D:9      | Found a glowing golden altar of the Shining One.
  7669 | D:9      | Found a blossoming altar of Fedhas.
  8075 | D:9      | Learned a level 3 spell: Stone Arrow
  8095 | D:9      | Killed a death yak
  8095 | D:9      | Reached skill level 15 in Earth Magic
  8125 | D:9      | Noticed a centaur warrior
  8147 | D:10     | Entered Level 10 of the Dungeon
  8150 | D:9      | HP: 1/69 [centaur warrior/arrow (18)]
  8151 | D:9      | Shot with an arrow by a centaur warrior

Vault maps used:
D:1:      dpeg_arrival_rhombi
D:2:      supply_closet_lemuel, minmay_tromino_i4, uniq_crazy_yiuf_cottage
D:3:      gammafunk_ghost_mausoleum, first_ration
D:4:      old_standard_altar, minmay_temple_entry_large_hall
D:5:      serial_undead, serial_undead_d, serial_undead_e, serial_undead_f,
          serial_undead_f, uniq_eustachio
D:6:      elyvilon_altar_4, cheibrodos_sewer_entry_sluice,
          kennysheep_another_room
D:7:      serial_aquarium, aquarium_bridge_long_joined, aquarium_bridge_square,
          aquarium_window_2, aquarium_window_corridor_2, aquarium_window_2,
          aquarium_window_1, aquarium_view_2d, aquarium_view_2d,
          aquarium_balcony_3b, aquarium_pool_2, basic_altar, the_bakery
D:8:      old_standard_altar, serial_shops, nicolae_shop_behind_doors,
          minmay_nine_imps, uniq_grum
D:9:      minitemple, dpeg_lair_monsters, david_orc_2,
          hangedman_abyss_or_decor_slice
D:10:     gammafunk_ghost_arena
Temple:   nicolae_temple_x_marks_the_god
Sewer:    sewer_the_crocodile

Skill      XL: |  1  2  3  4  5  6  7  8  9 10 |
---------------+-------------------------------+-----
Spellcasting   | 2 4 6 |  6.0
Earth Magic    | 4 5 6 7 8 9 11 13 15 | 15.2
Dodging        | |  1.7
Stealth        | |  2.1
Transmutations | |  0.8

Action                   |  1- 3 |  4- 6 |  7- 9 | 10-12 || total
-------------------------+-------+-------+-------+-------++-------
Melee: Unarmed           |    68 |   104 |       |       ||   172
       Quarterstaff      |       |     9 |       |       ||     9
       Dagger            |       |    13 |   133 |    10 ||   156
 Cast: Sandblast         |    22 |    57 |    49 |    17 ||   145
       Lee's Rapid Decon |       |       |    57 |    48 ||   105
       Passwall          |       |       |     2 |       ||     2
       Petrify           |       |       |     1 |    10 ||    11
       Stone Arrow       |       |       |       |     9 ||     9
  Use: Scroll            |       |       |    13 |     8 ||    21
       Potion            |       |       |     2 |       ||     2
 Stab: Sleeping          |     1 |     7 |     3 |       ||    11
  Eat: Chunk             |    10 |    20 |    40 |    45 ||   115
Armor: Robe              |    18 |    40 |    65 |     5 ||   128
Dodge: Dodged            |    67 |    86 |   152 |    10 ||   315

Table legend:
 A = Non-vault XP
 B = Vault XP
 C = Vault XP percentage of total XP
 D = Non-vault monster count
 E = Vault monster count
 F = Vault count percentage of total count
                 A         B        C        D         E       F
            +---------+---------+-------+---------+---------+-------
      Total |    3804 |    4892 |  56.3 |     160 |      55 |  25.6
            +---------+---------+-------+---------+---------+-------
        D:1 |      21 |       0 |   0.0 |      14 |       0 |   0.0
        D:2 |      51 |      61 |  54.5 |      21 |       5 |  19.2
        D:3 |     113 |     265 |  70.1 |      19 |       5 |  20.8
        D:4 |     213 |       0 |   0.0 |       9 |       0 |   0.0
        D:5 |     632 |     409 |  39.3 |      25 |      11 |  30.6
        D:6 |     425 |       6 |   1.4 |      12 |       3 |  20.0
        D:7 |     630 |     211 |  25.1 |      16 |       1 |   5.9
        D:8 |     814 |    1038 |  56.0 |      16 |      14 |  46.7
        D:9 |     905 |    2787 |  75.5 |      28 |      10 |  26.3
      Sewer |       0 |     115 | 100.0 |       0 |       6 | 100.0
            +---------+---------+-------+---------+---------+-------
